 Dungeon Crawl Stone Soup version 0.21-a0-401-g0b6bec4 (webtiles) character file.

30 Rikh the Skirmisher (level 3, -2/29 HPs)
             Began as a Demonspawn Abyssal Knight on Oct 21, 2017.
             Was a Follower of Lugonu.
             Slain by a gnoll
             ... wielding a +0 halberd
              (5 damage)
             ... on level 2 of the Dungeon.
             The game lasted 00:08:43 (1046 turns).

Rikh the Skirmisher (Demonspawn Abyssal Knight)     Turns: 1046, Time: 00:08:44

Health: -2/29      AC:  6    Str: 13    XL:     3   Next: 3%
Magic:  3/5        EV: 10    Int: 18    God:    Lugonu [*.....]
Gold:   36         SH:  4    Dex: 12    Spells: 2/2 levels left

rFire    . . .     SeeInvis .   a - +1 falchion
rCold    . . .     Gourm    .   (no shield)
rNeg     . . .     Faith    .   g - +0 ring mail
rPois    .         Spirit   .   (no helmet)
rElec    .         Reflect  .   l - +0 cloak
rCorr    .         Harm     .   (no gloves)
MR       .....                  (no boots)
Stlth    +.........             (no amulet)
HPRegen  0.09/turn              (no ring)
MPRegen  0.09/turn              (no ring)

@: brilliant
A: large bone plates 1
a: Depart the Abyss, Renounce Religion


You were on level 2 of the Dungeon.
You worshipped Lugonu.
Lugonu was aware of your devotion.
You were hungry.

You visited 1 branch of the dungeon, and saw 2 of its levels.
You visited the Abyss 1 time.

You collected 36 gold pieces.

Inventory:

Hand Weapons
 a - a +1 falchion (weapon)
Missiles
 d - 45 arrows
 j - 14 bolts
Armour
 b - a +0 leather armour
 g - a +0 ring mail (worn)
 h - a +0 robe
 i - a +0 cloak
 l - a +0 cloak (worn)
Scrolls
 e - a scroll of fear {unknown}
 f - a scroll of immolation {unknown}
Comestibles
 c - 2 bread rations


   Skills:
 * Level 3.6 Fighting
 * Level 2.2 Long Blades
 * Level 2.0 Armour
 * Level 1.0 Dodging
 * Level 0.1 Spellcasting
 * Level 2.6 Invocations


You had 2 spell levels left.
You didn't know any spells.

Dungeon Overview and Level Annotations

Branches:
Dungeon (2/15)

Altars:


Innate Abilities, Weirdness & Mutations

You are partially covered in large bone plates. (SH +4)


Message History

Increase (S)trength, (I)ntelligence, or (D)exterity?
You feel stronger. The gnoll closely misses you. You block the gnoll's attack.
You closely miss the gnoll.
The gnoll closely misses you. x2; You riposte.
You closely miss the gnoll.
You are feeling hungry.
The gnoll hits you from afar with a halberd!
The gnoll hits you but does no damage.
You hit the gnoll.
The gnoll is moderately wounded.
You block the gnoll's attack.
You closely miss the gnoll.
The gnoll is moderately wounded.
The gnoll hits you with a halberd!
* * * LOW HITPOINT WARNING * * *
You aren't carrying any potions.
You barely miss the gnoll.
The gnoll is moderately wounded.
The gnoll hits you with a halberd.
You die...

#.#####. ##### #.##.##.
#...# #.#..... #...#
#.##.### #######
#(..####....... #......
#...##........# #......
#...##.####.#.#
#......#####.).##.####.#.#
......ggg@....†...........
#......#####..†##......#.#
#...... #...#########..
#...... #...# ### #.....g
#...# #...... ....#
#....g. ....## #......
.....# #.....


You could see 3 gnolls.

Vanquished Creatures
  An adder (D:2)
  A worm (D:2)
  A giant cockroach (D:1)
  4 hobgoblins (D:1)
  4 kobolds
  2 bats (D:1)
  3 frilled lizards
  2 rats
18 creatures vanquished.

Notes
Turn   | Place    | Note
-------+----------+-------------------------------------------
     0 | Abyss:1  | Rikh the Demonspawn Abyssal Knight began the quest for the Orb.
     0 | Abyss:1  | Reached XP level 1. HP: 18/18 MP: 2/2
    20 | D:1      | Escaped the Abyss
   509 | D:1      | Gained mutation: You are partially covered in large bone plates. (SH +4) [demonic ancestry]
   509 | D:1      | Reached XP level 2. HP: 11/24 MP: 3/3
  1010 | D:2      | Reached skill level 1 in Dodging
  1037 | D:2      | Reached XP level 3. HP: 19/29 MP: 3/5
  1046 | D:2      | Slain by a gnoll

Vault maps used:
D:1:      minmay_arrival_five_plusses, hex_intersection
D:2:      minmay_wonky_spiral
Abyss:1:  hangedman_cross_veins, evilmike_abyss_exit_smiterflies

Skill      XL: |  1  2 |
---------------+-------+-----
Long Blades    | 2 |  2.2
Dodging        | 1 |  1.0
Armour         | 2 |  2.0
Fighting       | |  3.6
Spellcasting   | |  0.1
Invocations    | |  2.6

Action                   || total
-------------------------++-------
Melee: Falchion          ||    63
  Use: Potion            ||     4
Armor: Leather armour    ||     6
       Ring mail         ||     7
Dodge: Dodged            ||    38
Block: Other             ||     7
       Rpst.: Falchion   ||    18

Table legend:
 A = Spawn XP
 B = Non-spawn XP
 C = Spawn XP percentage of total XP
 D = Spawn monster count
 E = Non-spawn monster count
 F = Spawn count percentage of total count
 G = Total turns spent on level
                    A         B        C        D         E        F      G
               +---------+---------+-------+---------+---------+-------+---------
         Total |       0 |      43 |   0.0 |       0 |      18 |   0.0 |  1046
               +---------+---------+-------+---------+---------+-------+---------
           D:1 |       0 |      20 |   0.0 |       0 |      12 |   0.0 |   779
           D:2 |       0 |      23 |   0.0 |       0 |       6 |   0.0 |   247
               +---------+---------+-------+---------+---------+-------+---------
